 Dungeon Crawl Stone Soup version 0.18.1-50-g88ac8fd (webtiles) character file.

116 Dioneo the Distorting Demonspawn (level 4, 0/35 HPs)
             Began as a Demonspawn Abyssal Knight on Oct 25, 2016.
             Was a Believer of Lugonu.
             Succumbed to an adder's poison
             ... on level 3 of the Dungeon.
             The game lasted 00:07:31 (2461 turns).

Dioneo the Distorting Demonspawn (DsAK)             Turns: 2461, Time: 00:07:32

Health: 0/35       AC:  8    Str: 14    XL:     4   Next: 70%
Magic:  7/7        EV:  7    Int: 13    God:    Lugonu [**....]
Gold:   81         SH:  0    Dex: 12    Spells: 0 memorised, 3 levels left

rFire  . . .     SeeInvis .     a - +1 spear
rCold  . . .     Gourm    .     q - +0 chain mail
rNeg   . . .     Faith    .     (no shield)
rPois  .         Spirit   .     (helmet restricted)
rElec  .         Dismiss  .     (no cloak)
rCorr  .         Reflect  .     (no gloves)
SustAt .         Harm     .     (no boots)
MR     .....                    (no amulet)
Stlth  ..........               (no ring)
                                (no ring)

@: lethally poisoned (0 -> -16), flying, very slightly contaminated, hasted,
very quick, not resistant to hostile enchantments, extremely unstealthy
A: antennae 1, sturdy frame 1
a: Depart the Abyss, Bend Space, Renounce Religion


You were on level 3 of the Dungeon.
You worshipped Lugonu.
Lugonu was pleased with you.
You were not hungry.

You visited 1 branch of the dungeon, and saw 3 of its levels.
You visited the Abyss 1 time.

You collected 81 gold pieces.

Inventory:

Hand Weapons
 a - a +1 spear (weapon)
Armour
 q - a +0 chain mail (worn)
Jewellery
 j - an uncursed ring of see invisible {unknown}
Scrolls
 b - a scroll of blinking {unknown}
 e - 5 scrolls of identify {unknown}
 f - a scroll of amnesia {unknown}
 i - a scroll of fog {unknown}
 k - a scroll of immolation {unknown}
 m - 5 scrolls of remove curse {unknown}
 n - a scroll of magic mapping {unknown}
 p - a scroll of fear {unknown}
 u - a scroll of noise {unknown}
Potions
 o - 2 potions of flight
Books
 s - a book of Debilitation

   Spells                             Type                      Level
   a - Corona                         Hexes                        1
   b - Slow                           Hexes                        2
   c - Gell's Gravitas                Hexes/Translocation          3
   d - Inner Flame                    Hexes/Fire                   3
   e - Cause Fear                     Hexes                        4
   f - Leda's Liquefaction            Hexes/Earth                  4
Comestibles
 c - 2 bread rations
 d - 2 slices of pizza
 g - 2 meat rations
 h - 2 beef jerkies
 r - 3 chunks of flesh


   Skills:
 - Level 3.0 Fighting
 + Level 3.4 Polearms
 - Level 1.7 Armour
 - Level 0.8 Dodging
 + Level 4.8 Invocations


You had 3 spell levels left.
You didn't know any spells.

Dungeon Overview and Level Annotations

Branches:
Dungeon (3/15)

Altars:
Dithmenos
Elyvilon
Sif Muna


Innate Abilities, Weirdness & Mutations

You have a pair of small antennae on your head.
Your movements are slightly less encumbered by armour (ER -2).


Message History

You feel sick.
You hit the orc.
You kill the orc!
Lugonu accepts your kill.
You barely miss the orc.
* * * LOW HITPOINT WARNING * * *
You feel sick.
You hit the orc.
The orc is severely wounded.
* * * LOW HITPOINT WARNING * * *
You feel sick. The orc hits you.
* * * LOW HITPOINT WARNING * * *
Your chain mail prevents you from hitting the orc.
The orc is severely wounded.
* * * LOW HITPOINT WARNING * * *
You feel sick.
You hit the orc.
You kill the orc!
Lugonu accepts your kill.
You die...

#.....##.....#######...
#.....#.......#........
#.....#.........####...
#.....#.......### ####
###.####.....## #
#...###.......# #
#.............# #######
#...##)...............#
#....#@#########. #.. #
#...g)## ##. #..
#....o# .####.
#..##...#.# .......
#......#.# .......
##.....#.# ##.....
####....# .......
#........ #.#!...
o........ #.##...


You could see an orc and a hobgoblin.

Vanquished Creatures
  An orc wizard (D:3)
  2 adders
  3 dart slugs
  6 giant geckos
  4 orcs (D:3)
  6 bats
  9 goblins
  4 hobgoblins
  4 jackals (D:1)
  A quokka (D:2)
  5 kobolds
  7 rats
52 creatures vanquished.

Notes
Turn   | Place    | Note
--------------------------------------------------------------
     0 | Abyss:1  | Dioneo the Demonspawn Abyssal Knight began the quest for the Orb.
     0 | Abyss:1  | Reached XP level 1. HP: 18/18 MP: 2/2
    42 | D:1      | Escaped the Abyss
   221 | D:1      | Reached skill level 3 in Invocations
   221 | D:1      | Gained mutation: You have a pair of small antennae on your head. [demonic ancestry]
   221 | D:1      | Reached XP level 2. HP: 22/24 MP: 2/4
   865 | D:1      | Gained mutation: Your movements are slightly less encumbered by armour (ER -2). [demonic ancestry]
   865 | D:1      | Reached XP level 3. HP: 27/29 MP: 5/5
   978 | D:1      | Reached ** piety under Lugonu
  1223 | D:2      | Found a deep blue altar of Sif Muna.
  1227 | D:2      | Found a white marble altar of Elyvilon.
  1335 | D:2      | Reached skill level 4 in Invocations
  1641 | D:2      | Found a faded altar to an unknown god.
  1690 | D:2      | Found a shadowy altar of Dithmenos.
  2220 | D:3      | Reached XP level 4. HP: 35/35 MP: 7/7
  2460 | D:3      | HP: 1/35 [poisoned by an adder]
  2461 | D:3      | Succumbed to an adder's poison

Skill      XL: |  1  2  3 |
---------------+----------+-----
Polearms       | 2 3 |  3.4
Invocations    | 3 4 |  4.8
Fighting       | |  3.0
Armour         | |  1.7
Dodging        | |  0.8

Action                   |  1- 3 |  4- 6 || total
-------------------------+-------+-------++-------
Melee: Spear             |   182 |    38 ||   220
  Use: Potion            |       |     3 ||     3
  Eat: Chunk             |     4 |     1 ||     5
Armor: Leather armour    |    16 |       ||    16
       Chain mail        |    53 |    20 ||    73
Dodge: Dodged            |    77 |    14 ||    91
